 Dungeon Crawl Stone Soup version 0.26.0-20-g3ca415f5b8 (webtiles) character file.

Game seed: 6677023572695376631

1437 thiole the Skirmisher (level 8, -15/83 HPs)
             Began as a Troll Berserker on Jan 25, 2021.
             Was an Elder of Trog.
             Demolished by an orc warrior
             ... wielding a +5 scimitar of distortion
              (18 damage)
             ... on level 6 of the Dungeon.
             The game lasted 00:07:34 (4562 turns).

thiole the Skirmisher (Troll Berserker)             Turns: 4562, Time: 00:07:34

Health: -15/83     AC:  6    Str: 28    XL:     8   Next: 45%
Magic:  7/7        EV: 11    Int:  3    God:    Trog [****..]
Gold:   195        SH:  0    Dex:  9    Spells: 7/7 levels left

rFire    . . .     SeeInvis .   i - +7 scythe (vorpal)
rCold    . . .     Faith    .   (shield currently unavailable)
rNeg     . . .     Spirit   .   a - +0 animal skin
rPois    .         Reflect  .   (helmet restricted)
rElec    .         Harm     .   (no cloak)
rCorr    .         Rampage  .   (gloves unavailable)
Will     .....                  (boots unavailable)
Stlth    +.........             (no amulet)
HPRegen  0.63/turn              (no ring)
MPRegen  0.10/turn              (no ring)

@: no status effects
A: large, unfitting armour, claws 3, regeneration 1, shaggy fur 1, tough skin 3
a: Renounce Religion, Berserk, Trog's Hand, Brothers in Arms


You were on level 6 of the Dungeon.
You worshipped Trog.
Trog was greatly pleased with you.
You visited 2 branches of the dungeon, and saw 7 of its levels.
You also visited: Sewer.

You collected 195 gold pieces.

Inventory:

Hand Weapons
 c - a +2 short sword of protection
 i - a +7 vorpal scythe (weapon)
Armour
 a - a +0 animal skin (worn)
 j - a cursed +0 buckler
Wands
 t - a wand of paralysis (9)
 u - a wand of enslavement (9)
 x - a wand of acid (6)
Scrolls
 k - a scroll of random uselessness {unknown}
 l - 6 scrolls of identify {unknown}
 o - 3 scrolls of remove curse {unknown}
 p - 2 scrolls of enchant armour {unknown}
 r - a scroll of immolation {unknown}
 s - 2 scrolls of teleportation {unknown}
 v - 4 scrolls of amnesia {unknown}
 w - a scroll of fear {unknown}
 y - a scroll of fog {unknown}
Potions
 b - 6 potions of heal wounds {unknown}
 d - 3 potions of berserk rage {unknown}
 e - 5 potions of attraction {unknown}
 f - 7 potions of curing
 g - a potion of cancellation {unknown}
 h - 2 potions of magic {unknown}
 m - a potion of might
 n - 2 potions of flight {unknown}
 q - a potion of resistance {unknown}


   Skills:
 * Level 6.2 Fighting
 - Level 2.1 Short Blades
 * Level 4.3 Polearms
 + Level 4.7 Dodging
 - Level 3.1 Unarmed Combat


You had 7 spell levels left.
You didn't know any spells.
Your spell library was empty.

Dungeon Overview and Level Annotations

Branches:
Dungeon (6/15)             Temple (1/1) D:4           Sewer (visited)

Altars:
Ashenzari
Cheibriados
Dithmenos
Elyvilon
Fedhas
Gozag
Hepliaklqana
Kikubaaqudgha
Makhleb
Nemelex Xobeh
Okawaru
Qazlal
Ru
Sif Muna
Trog
Uskayaw
Vehumet
Wu Jian
Xom
Yredelemnul
Zin
The Shining One

Shops:
D:5 =


Innate Abilities, Weirdness & Mutations

You are too large for most types of armour.
You have claws for hands.
Your natural rate of healing is unusually fast.
You are covered in fur. (AC +1)
You have extremely tough skin. (AC +3)


Message History

Aim: an orc warrior, wielding a +5 scimitar of distortion and wearing a cursed +0 plate armour (almost dead)
The orc is in the way.
You slash the orc!
You kill the orc!
Trog accepts your kill. The orc warrior completely misses you.
Reach: i) +7 scythe (vorpal)
Press: ? - help, Dir - move target, f/p - orc warrior
Aim: an orc warrior, wielding a +5 scimitar of distortion and wearing a cursed +0 plate armour (almost dead)
You barely miss the orc warrior.
The orc warrior is almost dead.
The orc warrior hits you with a +5 scimitar of distortion!
Space warps horribly around you!
You hit the orc warrior but do no damage.
The orc warrior is almost dead.
The orc warrior hits you with a +5 scimitar of distortion.
* * * LOW HITPOINT WARNING * * *
Space warps horribly around you!!
* * * LOW HITPOINT WARNING * * *
The orc warrior hits you with a +5 scimitar of distortion!!
You die...

#.# #.#
#.#############.#
##....#..........#
..###.#.###########
..+.....#.........#
..###.###.#######.#
..# #.#......# #.#
..# #.#.#.##.####.#
..# #.#.#.##.#oo@.#
.####.#.#.#...o##.#
......#.#.#..######
..#####.#.#.).oo.o#
..# #.#.#.#####.#
#.# ###.#.#.
#.###.....#.
..........#.
#.######.##.


You could see an orc warrior and 2 orcs.

Vanquished Creatures
  Sigmund (D:2)
  An ice beast (D:6)
  2 ogres
  A centaur (D:5)
  4 big kobolds (Sewer)
  A bullfrog (D:6)
  A bullfrog zombie (D:5)
  2 jellies (D:6)
  A centaur skeleton (D:5)
  2 orc wizards
  An iguana (D:2)
  Natasha (thrice) (D:2)
  4 worker ants
  A worker ant zombie (D:5)
  Robin (D:2)
  9 adders
  A white imp (D:6)
  An ufetubus (D:5)
  An ooze (D:2)
  2 worms
  2 dart slugs (D:1)
  4 leopard geckos
  9 orcs
  3 giant cockroaches
  15 goblins
  2 hobgoblins (D:2)
  3 jackals (D:5)
  5 ball pythons
  A ball python skeleton (D:5)
  10 bats
  8 frilled lizards
  23 kobolds
  A quokka zombie (D:5)
  10 rats
136 creatures vanquished.

Notes
Turn   | Place    | Note
-------+----------+-------------------------------------------
     0 | D:1      | thiole the Troll Berserker began the quest for the Orb.
     0 | D:1      | Reached XP level 1. HP: 22/22 MP: 0/0
   161 | D:1      | Reached XP level 2. HP: 29/29 MP: 1/1
   847 | D:2      | Reached XP level 3. HP: 36/36 MP: 2/2
   847 | D:2      | Noticed Sigmund
   859 | D:2      | Reached skill level 3 in Fighting
   859 | D:2      | Reached skill level 1 in Short Blades
   860 | D:2      | Reached ** piety under Trog
   870 | D:2      | Killed Sigmund
   871 | D:2      | Reached skill level 4 in Fighting
   871 | D:2      | Reached XP level 4. HP: 46/48 MP: 3/3
   871 | D:2      | Reached XP level 5. HP: 52/54 MP: 4/4
   983 | D:2      | Noticed Natasha
   989 | D:2      | Killed Natasha
  1098 | D:2      | Noticed Natasha
  1106 | D:2      | Killed Natasha
  1107 | D:2      | Reached XP level 6. HP: 48/62 MP: 5/5
  1218 | D:2      | Noticed Natasha
  1229 | D:2      | Killed Natasha
  1295 | D:2      | Found a hide-covered altar of Uskayaw.
  1358 | D:2      | Noticed Robin
  1362 | D:2      | Killed Robin
  1522 | D:3      | Found a glowing drain.
  1529 | D:3      | Reached skill level 1 in Polearms
  1535 | D:3      | Reached *** piety under Trog
  1553 | Sewer    | Entered a sewer
  1773 | Sewer    | Reached XP level 7. HP: 36/71 MP: 6/6
  1776 | Sewer    | Reached skill level 5 in Fighting
  2776 | D:4      | Found a staircase to the Ecumenical Temple.
  2910 | Temple   | Entered the Ecumenical Temple
  3126 | D:4      | Found a blossoming altar of Fedhas.
  3426 | D:5      | Entered Level 5 of the Dungeon
  3595 | D:5      | Reached **** piety under Trog
  3668 | D:5      | Reached XP level 8. HP: 81/83 MP: 7/7
  3691 | D:5      | Found Muiwid's Jewellery Shop.
  3987 | D:6      | Reached skill level 6 in Fighting
  4562 | D:6      | HP: 3/83 [orc warrior/+5 scimitar of distortion (21)]
  4562 | D:6      | Demolished by an orc warrior

Illustrated notes

Levels and vault maps discovered:
D:1:      lightli_arrival_flooded_house, layout_loops_corners
D:2:      layout_basic, lemuel_doored_altar, chequers_serial_rivers_micro_a,
          uniq_sigmund, uniq_natasha, uniq_robin
D:3:      layout_basic, cheibrodos_sewer_entry_sluice,
          chequers_serial_rivers_small_3
D:4:      layout_basic, minmay_temple_entry_glass, grunt_ministairs_8,
          fedhas_altar_1
D:5:      layout_rooms, serial_shops, shop
D:6:      layout_basic, water_boxes_lemuel
Temple:   kilobyte_greek_temple

Skill      XL: |  1  2  3  4  5  6  7  8 |
---------------+-------------------------+-----
Fighting       | 4 5 6 |  6.2
Short Blades   | 1 2 |  2.1
Dodging        | 3 4 |  4.7
Polearms       | 2 3 4 |  4.3
Unarmed Combat | |  3.1

Action                   |  1- 3 |  4- 6 |  7- 9 || total
-------------------------+-------+-------+-------++-------
Melee: Short sword       |    80 |     5 |       ||    85
       Unarmed           |     8 |       |       ||     8
       Punch             |     2 |       |       ||     2
       Scythe            |       |   130 |   122 ||   252
Invok: Berserk           |     1 |     1 |       ||     2
 Stab: Sleeping          |       |     1 |     2 ||     3
Armor: Animal skin       |    39 |    93 |    70 ||   202
Dodge: Dodged            |    55 |   180 |   125 ||   360
